Cogmind - Beta 13 @@@ ROGUE MODE // 2024.04.03 @ 18:38:16 Player: ChromeKnight Result: Destroyed self with Sigix Terminator Performance ------------- Evolutions (8) 4000 Regions Visited (21) 4200 Robots Destroyed (153) 765 Value Destroyed (8296) 8296 Prototype IDs (45) 900 Alien Tech Used (2) 400 Bonus (7594) 7594 TOTAL SCORE: 26155 Bonus ------- High Alert Combat Kills 771 Follower Combat Kills 2403 Entered DSFs 500 Aligned with FarCom 300 Acquired ECA 300 Met Warlord at Base 500 MAIN.C Attacked Warlord 500 Met Warlord at Research 2000 Scanned by Researcher 500 Friendly Fire -180 Cogmind --------- Core Integrity 0/1450 Matter 282/300 Energy 289/325 System Corruption 31% Temperature Cool (0) Movement Walking (115) Location -2/Quarantine Parts ------- > --- POWER (2) -------- Reinforced Antimatter Reactor > --- PROPULSION (6) --- Biometal Leg Centrium Leg > --- UTILITY (12) ----- Large Storage Unit Experimental Optical Array Advanced Targeting Computer Advanced Targeting Computer Experimental Core Analyzer Improved Armor Integrity Analyzer Experimental Thermal Defense Suite System Mapper > --- WEAPON (3) ------- Enhanced Quantum Rifle > --- INVENTORY (15) --- Micro Antimatter Reactor Light Quantum Reactor Light Quantum Reactor Biometal Leg Advanced Quantum Shading Machine Improved Hacking Suite System Shield Dimensional Node Initializer Helical Railgun Peak State ------------ > --- POWER ------------ Reinforced Antimatter Reactor Micro Antimatter Reactor > --- PROPULSION ------- Biometal Leg Biometal Leg Biometal Leg Biometal Leg Biometal Leg Enhanced Biometal Leg > --- UTILITY ---------- Advanced Cooling System Large Storage Unit Experimental Optical Array Experimental Targeting Computer Experimental Core Analyzer Improved Armor Integrity Analyzer Improved Medium Armor Plating Layered Medium Armor Plating Experimental Thermal Defense Suite System Mapper > --- WEAPON ----------- Enhanced Quantum Rifle Sigix Broadsword > --- INVENTORY -------- Light Quantum Reactor Enhanced Biometal Leg Enhanced Biometal Leg Improved Hacking Suite System Shield Dimensional Node Initializer Gamma Rifle Enhanced Quantum Rifle Enhanced Quantum Rifle Helical Railgun Helical Railgun Helical Railgun Enhanced Gamma Bomb Array Sigix Terminator [Rating: 180] Favorites ----------- Power Antimatter Reactor Engine Light Deuterium Engine Power Core Micro Nuclear Core Reactor Antimatter Reactor Propulsion Biometal Leg Treads Light Treads Leg Biometal Leg Hover Unit Combat Airjet Utility Large Storage Unit Device Advanced Terrain Scanner Storage Large Storage Unit Processor Advanced Terrain Scan Processor Hackware Advanced Hacking Suite Protection Hardened Heavy Armor Plating Weapon Tri-rail Accelerator Energy Gun Enhanced Quantum Rifle Energy Cannon Guided Plasma Cannon Ballistic Gun Helical Railgun Ballistic Cannon Tri-rail Accelerator Launcher Mini Grenade Launcher Impact Weapon Power Maul Slashing Weapon Katana Piercing Weapon Force Lance Build | -11 -10 -10 -10 -9 -8 -7 -6 -6 -6 -6 -5 -5 -5 -5 -5 -5 -4 -4 -3 -2 -2 ------- Run | Yrd Mat Min Exi Min Mat Fac Fac Was Fac DSF Fac Was Fac Upp Upp War Pro Fac Res Res Qua Slots Evolved 16 | . . . . . 4 2 2 . . . 2 . . . . . . 2 2 2 . Power 1 | . . . . . . . . . . . . . . . . . . 1 . . . Propulsion 4 | . . . . . 1 . 1 . . . . . . . . . . 1 1 . . Utility 10 | . . . . . 3 2 1 . . . 2 . . . . . . . 1 1 . Weapon 1 | . . . . . . . . . . . . . . . . . . . . 1 . Parts Attached 255 | 8 8 8 2 . 13 4 24 19 . 2 4 6 5 . . 11 7 17 17 64 36 Power 24 | 1 1 1 . . 2 . 4 3 . . . 4 . . . . . 1 . 4 3 Engine 6 | 1 1 1 . . 2 . 1 . . . . . . . . . . . . . . Core 4 | . . . . . . . 3 1 . . . . . . . . . . . . . Reactor 14 | . . . . . . . . 2 . . . 4 . . . . . 1 . 4 3 Propulsion 45 | 2 . 2 . . 2 1 3 1 . . . . . . . 2 . 7 6 12 7 Treads 2 | 2 . . . . . . . . . . . . . . . . . . . . . Leg 35 | . . . . . . . . 1 . . . . . . . 2 . 7 6 12 7 Wheel . | . . . . . . . . . . . . . . . . . . . . . . Hover 8 | . . 2 . . 2 1 3 . . . . . . . . . . . . . . Flight . | . . . . . . . . . . . . . . . . . . . . . . Utility 106 | 1 3 1 1 . 6 3 12 6 . 2 4 . 5 . . 7 4 7 7 27 10 Device 46 | . 1 1 1 . 2 2 4 3 . . 1 . . . . 3 4 6 5 8 5 Storage 7 | 1 1 . . . . . . . . . . . . . . . . . 1 4 . Processor 20 | . 1 . . . 1 . 4 1 . . . . 2 . . 2 . . . 7 2 Hackware 5 | . . . . . 2 . . . . . 2 . . . . 1 . . . . . Protection 28 | . . . . . 1 1 4 2 . 2 1 . 3 . . 1 . 1 1 8 3 Artifact . | . . . . . . . . . . . . . . . . . . . . . . Weapon 80 | 4 4 4 1 . 3 . 5 9 . . . 2 . . . 2 3 2 4 21 16 Energy Gun 21 | 4 2 . 1 . . . . . . . . . . . . . . . . 5 9 Energy Cannon 3 | . . . . . 1 . . . . . . . . . . 1 . . . 1 . Ballistic Gun 22 | . 2 4 . . . . . 2 . . . . . . . . . . . 10 4 Ballistic Cannon 14 | . . . . . . . . 4 . . . 1 . . . 1 2 2 2 2 . Launcher 8 | . . . . . 1 . . . . . . 1 . . . . 1 . 2 1 2 Special Weapon . | . . . . . . . . . . . . . . . . . . . . . . Impact Weapon 3 | . . . . . . . 2 1 . . . . . . . . . . . . . Slashing Weapon 8 | . . . . . 1 . 3 1 . . . . . . . . . . . 2 1 Piercing Weapon 1 | . . . . . . . . 1 . . . . . . . . . . . . . Special Melee Weapon . | . . . . . . . . . . . . . . . . . . . . . . Unidentified Prototypes 24 | . . . . . 1 . . 2 . . . . . . . 7 . 3 1 6 4 Corrupted Parts 3 | . . . . . . . . . . . . . . . . . . . . 3 . System Corruption 11 | . . . . . . . . . . . . . . . . . . . . 11 . Parts Lost 68 | . 1 6 . . 2 . 7 . . . . . . . . . . . 2 25 25 Power 6 | . . 1 . . 1 . 1 . . . . . . . . . . . . 2 1 Propulsion 22 | . . 2 . . . . 4 . . . . . . . . . . . . 9 7 Utility 26 | . 1 1 . . 1 . 1 . . . . . . . . . . . 2 9 11 Weapon 14 | . . 2 . . . . 1 . . . . . . . . . . . . 5 6 Highest Loss Streak 22 | . 1 6 . . 1 . 3 . . . . . . . . . . . 1 22 10 To Critical Strikes 1 | . . . . . . . . . . . . . . . . . . . . 1 . Average Slot Usage (%) 80 | . 97 89 85 85 82 97 86 79 73 68 69 70 69 70 70 69 71 74 87 84 89 Engine 3 | . 14 12 14 14 8 7 1 2 . . . . . . . . . . . . . Reactor 3 | . . . . . . . . 2 6 6 5 5 5 5 5 5 5 5 4 6 7 Treads 1 | . 28 15 . . . . . . . . . . . . . . . . . . . Leg 8 | . . . . . . . . 2 6 6 5 5 5 5 5 5 5 17 27 22 24 Hover 6 | . . 10 28 28 24 23 18 7 . . . . . . . . . . . . . Device 10 | . 9 7 7 14 11 22 17 13 20 18 14 11 5 5 5 6 11 9 13 6 8 Storage 6 | . 14 14 14 14 9 7 6 6 6 6 5 5 5 5 5 5 5 5 4 4 4 Processor 12 | . 3 . . . 7 7 16 20 20 15 11 11 10 11 11 13 17 15 14 16 19 Hackware 6 | . . . . . 8 7 . . . . 5 11 11 11 11 10 11 10 9 4 4 Protection 8 | . . . . . 2 5 10 11 6 7 14 11 16 17 17 13 5 4 4 10 7 Energy Gun 2 | . 24 . 7 14 4 . . . . . . . . . . . . . . 3 6 Ballistic Gun 2 | . 3 28 13 . . . . . . . . . . . . . . . . 4 4 Ballistic Cannon 2 | . . . . . . . . 3 6 6 5 4 5 5 5 5 5 4 5 1 . Slashing Weapon 1 | . . . . . 3 7 4 2 . . . . . . . . . . . . . Naked Turns . | . . . . . . . . . . . . . . . . . . . . . . Heaviest Build 120 | 11 32 32 35 35 39 33 44 79 79 91 84 81 82 82 82 90 96 109 120 117 100 Greatest Support 170 | 40 40 40 24 24 33 42 51 90 90 90 90 90 90 90 90 90 90 131 165 170 170 Greatest Overweight (x) 8 | 1 . 8 1 1 1 . 1 1 . 1 . . . . . . 1 1 . 8 . Average Overweight (x) . | . . . 1 1 . . . . . . . . . . . . . . . . . Largest Inventory Capacity 15 | 8 15 15 15 15 15 15 15 15 15 15 15 15 15 15 15 15 15 15 15 15 15 Average Capacity 14 | 7 10 15 15 15 15 15 15 15 15 15 15 15 15 15 15 15 15 15 15 14 15 Most Carried 15 | 2 10 12 13 13 15 15 15 15 15 15 15 15 15 15 15 15 15 15 15 15 15 Average Carried 13 | . 3 10 11 12 14 14 14 14 15 14 14 14 14 15 14 14 14 14 14 13 13 Final Capacity 15 | 8 15 15 15 15 15 15 15 15 15 15 15 15 15 15 15 15 15 15 15 15 15 Final Carried 15 | 1 10 10 12 13 15 15 15 15 15 15 15 15 15 15 15 15 15 15 14 15 9 Class Distribution -------------------- 38% | Hacker-Mutant 16% | Scavenger-Mutant 16% | Mutant 9% | Scavenger-Gunner 5% | Scavenger-Skirmisher 5% | Hacker-Skirmisher 3% | Scavenger-Assassin Dominant Class ---------------- Mutant | -10/Materials Mutant | -10/Mines Mutant | -10/Exiles Mutant | -9/Mines Scavenger-Mutant | -8/Materials Scavenger-Mutant | -7/Factory Scavenger-Mutant | -6/Factory Scavenger-Assassin | -6/Waste Skirmisher | -6/Factory Scavenger-Skirmisher | -6/DSF Hacker-Skirmisher | -5/Factory Hacker-Skirmisher | -5/Waste Hacker-Mutant | -5/Factory Hacker-Mutant | -5/Upper Caves Hacker-Mutant | -5/Upper Caves Hacker-Mutant | -5/Warlord Hacker-Mutant | -4/Proximity Caves Hacker-Mutant | -4/Factory Hacker-Mutant | -3/Research Scavenger-Gunner | -2/Research Scavenger-Gunner | -2/Quarantine Resources | -11 -10 -10 -10 -9 -8 -7 -6 -6 -6 -6 -5 -5 -5 -5 -5 -5 -4 -4 -3 -2 -2 ----------- Run | Yrd Mat Min Exi Min Mat Fac Fac Was Fac DSF Fac Was Fac Upp Upp War Pro Fac Res Res Qua Matter Collected 6290 | 257 53 163 20 33 115 189 386 180 . 30 56 60 114 48 56 159 208 464 1317 1712 670 Remotely . | . . . . . . . . . . . . . . . . . . . . . . Salvage Created 6514 | . 310 104 . . 1153 441 320 . . . 94 . 30 73 . . 248 472 1271 693 1305 Parts 264 | . 10 5 . . 36 20 29 . . . 3 . 2 . . . 4 16 43 38 58 Haulers Intercepted 2 | . . . . . . 1 . . . . . . . . . . . . 1 . . Recyclers Shooed 4 | . . . . . 1 1 . . . . . . . . . . . . 2 . . Parts Field Recycled . | . . . . . . . . . . . . . . . . . . . . . . Retrieved Matter . | . . . . . . . . . . . . . . . . . . . . . . Parts Self-Destructed 25 | . . . . . . . . . . . . . . 6 15 . 4 . . . . Prevented . | . . . . . . . . . . . . . . . . . . . . . . Kills | -11 -10 -10 -10 -9 -8 -7 -6 -6 -6 -6 -5 -5 -5 -5 -5 -5 -4 -4 -3 -2 -2 ------- Run | Yrd Mat Min Exi Min Mat Fac Fac Was Fac DSF Fac Was Fac Upp Upp War Pro Fac Res Res Qua Combat Hostiles Destroyed 112 | . 4 2 . . 20 6 7 . . . . . . 3 . . 6 10 25 14 15 Melee 7 | . . . . . 2 . 4 . . . . . . . . . . . . . 1 Guns 41 | . 3 2 . . 16 . . . . . . . . . . . . . . 6 14 Cannons 38 | . . . . . 2 . . . . . . . . 3 . . 6 10 9 8 . AOE 25 | . . . . . . 6 3 . . . . . . . . . . . 16 . . Classes Destroyed 19 | . 3 1 . . 3 4 3 . . . . . . 2 . . . . . 2 1 Worker 3 | . . . . . . . 1 . . . . . . . . . . . 2 . . Builder 7 | . . . . . . . 1 . . . . . . . . . . 1 3 . 2 Tunneler 2 | . . 1 . . . . . . . . . . . . . . . . 1 . . Hauler 2 | . . . . . . 1 . . . . . . . . . . . . 1 . . Recycler 9 | . 2 . . . . 3 . . . . 1 . . . . . . . 3 . . Mechanic 2 | . . . . . . 1 . . . . . . . . . . . . 1 . . Operator 4 | . 1 . . . 2 1 . . . . . . . . . . . . . . . Watcher 10 | . . . . . 1 2 1 . . . . . 1 . . . . 2 2 . 1 Swarmer 5 | . . . . . . . . . . . . . . 1 . . . . 3 . 1 Grunt 52 | . 4 2 . . 16 3 3 . . . . . . . . . 6 1 11 . 6 Brawler 2 | . . . . . . 1 . . . . . . . 1 . . . . . . . Duelist 2 | . . . . . 1 . . . . . . . . . . . . . 1 . . Researcher 1 | . . . . . . . . . . . . . . . . . . . . . 1 Sentry 11 | . . . . . 4 . 1 . . . . . . . . . . 3 3 . . Hunter 21 | . . . . . . . 2 . . . . . . . . . . 2 7 6 4 Programmer 16 | . . . . . . 2 1 . . . . . . . . . . 4 . 5 4 Behemoth 1 | . . . . . . . . . . . . . . 1 . . . . . . . Executioner 2 | . . . . . . . . . . . . . . . . . . . . 2 . Knight 1 | . . . . . . . . . . . . . . . . . . . . 1 . Best Kill Streak 9 | . 2 2 . . 8 4 3 . . . 1 . 1 2 . . 3 3 9 4 3 Combat Bots Only 7 | . 2 1 . . 7 4 3 . . . . . . 2 . . 3 2 7 4 2 Max Kills in Single Turn 5 | . 1 1 . . 1 2 2 . . . 1 . 1 1 . . 1 1 5 1 1 Gunslinging . | . . . . . . . . . . . . . . . . . . . . . . Exploded 2 | . . . . . . 2 2 . . . . . . . . . . . 2 . . Melee 1 | . . . . . 1 . 1 . . . . . . . . . . . . . 1 Uniques/NPCs Destroyed . | . . . . . . . . . . . . . . . . . . . . . . Combat | -11 -10 -10 -10 -9 -8 -7 -6 -6 -6 -6 -5 -5 -5 -5 -5 -5 -4 -4 -3 -2 -2 -------- Run | Yrd Mat Min Exi Min Mat Fac Fac Was Fac DSF Fac Was Fac Upp Upp War Pro Fac Res Res Qua Hostile Shots Fired 1558 | . 19 41 . . 81 19 196 . . . . . 6 15 4 . 38 91 323 277 448 Missed 527 | . 5 10 . . 25 5 86 . . . . . 1 4 1 . 4 28 142 84 132 Damage Taken 16329 | . 167 800 . . 631 183 916 . . . 22 . 119 229 58 154 243 525 1755 4196 6331 Core 2590 | . 42 157 . . 177 87 265 . . . 22 . . . . 22 30 39 119 935 695 Absorbed by Shields 2430 | . . . . . 240 69 127 . . . . . . . . . 115 495 1308 76 . Redirected to Shielding 339 | . . . . . 101 14 31 . . . . . . . . . . . . 101 92 Ignored by Resistances 2061 | . . . . . . . . . . . . . . . . . 315 149 751 69 777 Regen/Repaired (Parts) 1986 | . . . . . 107 . . 966 . . . 25 20 91 30 68 . 515 . 112 52 Core Remaining (%) 77 | 100 . . . 20 67 87 . . . 68 . . . . . . 92 96 90 . . Volleys Fired 407 | . 28 9 . . 10 21 10 . . . 2 . 8 10 5 4 21 55 87 79 58 Largest 3 | . 2 2 . . 1 1 1 . . . 1 . 1 1 1 1 1 1 2 3 3 Hottest 178 | . 90 46 . . 120 30 30 . . . 60 . 60 60 60 60 60 60 114 178 178 Shots Fired 739 | . 55 18 . . 97 21 10 . . . 2 . 8 10 5 4 21 55 137 154 142 Gun 353 | . 55 18 . . 87 . . . . . . . . . . . . . . 52 141 Cannon 331 | . . . . . 10 . . . . . 2 . 8 10 5 4 21 55 114 102 . Launcher 55 | . . . . . . 21 10 . . . . . . . . . . . 23 . 1 Special . | . . . . . . . . . . . . . . . . . . . . . . Kinetic 426 | . . 18 . . . . . . . . 2 . 8 10 5 3 21 55 114 121 69 Thermal 218 | . 55 . . . 97 . . . . . . . . . . . . . . 20 46 Explosive 54 | . . . . . . 21 10 . . . . . . . . . . . 23 . . Electromagnetic 35 | . . . . . . . . . . . . . . . . . . . . 8 27 Entropic 6 | . . . . . . . . . . . . . . . . 1 . . . 5 . Robot Hit Streak 44 | . 10 5 . . 12 7 12 . . . 4 . 1 6 1 . 44 18 18 12 18 Robot Miss Streak 6 | . 2 2 . . 2 1 . . . . 2 . 3 6 4 . 1 6 4 4 2 Penetration Max 1 | . . . . . . . . . . . . . . . . . . . 1 . 1 Secondary Targets 5 | . . . . . . . . . . . . . . . . . . . . 1 4 Max Gunslinging Chain 1 | . . . . . . . . . . . . . . . . . . . . 1 1 Autonomous 88 | . . . . . 88 . . . . . . . . . . . . . . . . Shots Hit Robots 535 | . 40 10 . . 91 20 15 . . . 2 . 1 9 2 . 21 47 89 85 103 Core Hits 303 | . 13 6 . . 30 28 17 . . . 3 . 1 3 1 . 17 30 77 33 44 Critical Kills 1 | . . . . . . . . . . . . . . . . . . . . . 1 Critical Parts Destroyed 4 | . . . . . . . . . . . . . . . . . . . . 3 1 Critical Strikes 73 | . 1 . . . 1 . 1 . . . . . . 1 . . 6 15 21 25 2 Burn 1 | . 1 . . . . . . . . . . . . . . . . . . . . Destroy 5 | . . . . . . . . . . . . . . . . . . . . 3 2 Blast 64 | . . . . . . . . . . . . . . 1 . . 6 15 21 21 . Sever 2 | . . . . . 1 . 1 . . . . . . . . . . . . . . Sunder 1 | . . . . . . . . . . . . . . . . . . . . 1 . Melee Attacks 74 | . . . . . 23 15 14 . . . . . . . . . . . . 13 9 Impact . | . . . . . . . . . . . . . . . . . . . . . . Slashing 74 | . . . . . 23 15 14 . . . . . . . . . . . . 13 9 Piercing . | . . . . . . . . . . . . . . . . . . . . . . Sneak Attacks 5 | . . . . . 2 2 1 . . . . . . . . . . . . . . Combat Hostiles . | . . . . . . . . . . . . . . . . . . . . . . Follow-up Attacks . | . . . . . . . . . . . . . . . . . . . . . . Damage Inflicted 24890 | . 462 169 . . 2942 1731 1172 . . . 102 . 54 511 78 . 1610 2474 7624 2476 3485 Guns 6387 | . 462 169 . . 2252 . . . . . . . . . . . . . . 484 3020 Cannons 10151 | . . . . . 349 . . . . . 102 . 54 511 78 . 1610 2455 3026 1966 . Explosions 6599 | . . . . . . 1369 709 . . . . . . . . . . 8 4513 . . Melee 1599 | . . . . . 341 362 463 . . . . . . . . . . . . . 433 Ramming 154 | . . . . . . . . . . . . . . . . . . 11 85 26 32 Kinetic 11660 | . . 169 . . . . . . . . 102 . 54 511 78 . 1610 2455 3026 2008 1647 Thermal 4192 | . 462 . . . 2601 99 . . . . . . . . . . . . . 81 949 Explosive 6492 | . . . . . . 1270 709 . . . . . . . . . . . 4513 . . Electromagnetic 507 | . . . . . . . . . . . . . . . . . . 8 . 75 424 Impact . | . . . . . . . . . . . . . . . . . . . . . . Slashing 1599 | . . . . . 341 362 463 . . . . . . . . . . . . . 433 Piercing . | . . . . . . . . . . . . . . . . . . . . . . Entropic 286 | . . . . . . . . . . . . . . . . . . . . 286 . Highest Corruption 35 | . 1 1 1 1 . 1 . . . . . . . . . 1 . 5 17 26 35 Average Corruption 11 | . 1 1 1 1 . 1 . . . . . . . . . 1 . 3 4 20 30 Corruption Purged 6 | . . . . . . . . . . . . . . . . . . . . . 6 Corruption Blocked 3 | . . . . . . . . . . . . . . . . . . . . 3 . Effects 147 | . . 7 3 4 . . . . . . . . . . . 2 . 11 3 64 53 Message Errors 33 | . . 3 1 2 . . . . . . . . . . . 1 . 4 . 15 7 Matter Fused 36 | . . . 1 1 . . . . . . . . . . . 1 . 3 2 15 13 Heat Flow Errors 14 | . . 1 . 1 . . . . . . . . . . . . . 1 1 6 4 Energy Discharges 18 | . . 1 . . . . . . . . . . . . . . . . . 11 6 Parts Rejected 4 | . . . . . . . . . . . . . . . . . . . . 1 3 Parts Fused 2 | . . . . . . . . . . . . . . . . . . . . 1 1 Data Loss (minor) 11 | . . 2 1 . . . . . . . . . . . . . . 1 . 5 2 Data Loss (major) 6 | . . . . . . . . . . . . . . . . . . 1 . 1 4 Misfires 6 | . . . . . . . . . . . . . . . . . . . . 5 1 Alerts 2 | . . . . . . . . . . . . . . . . . . 1 . 1 . Misdirections 3 | . . . . . . . . . . . . . . . . . . . . 1 2 Weapon Failures 12 | . . . . . . . . . . . . . . . . . . . . 2 10 Overload Shots . | . . . . . . . . . . . . . . . . . . . . . . Overflow Damage 603 | . . . . . 47 91 26 . . . . . . . . . 19 58 208 154 . Projectiles 265 | . . . . . 9 . . . . . . . . . . . 19 58 25 154 . Explosions 218 | . . . . . . 35 . . . . . . . . . . . . 183 . . Melee 120 | . . . . . 38 56 26 . . . . . . . . . . . . . . Knockbacks 92 | . . . . . . . . . . . 1 . . 1 . . 27 21 24 18 . Impact . | . . . . . . . . . . . . . . . . . . . . . . Kinetic 86 | . . . . . . . . . . . 1 . . 1 . . 23 20 23 18 . Secondary 6 | . . . . . . . . . . . . . . . . . 4 1 1 . . Self-Inflicted Damage 979 | . . . . . . 87 3 . . . . . . . . . . 29 160 . 700 Shots 8 | . . . . . . 2 1 . . . . . . . . . . 1 3 . 1 Rammed . | . . . . . . . . . . . . . . . . . . . . . . Targets Rammed 10 | . . . . . . . . . . . . . . . . . . 2 3 2 3 Kicked 10 | . . . . . . . . . . . . . . . . . . 2 3 2 3 Crushed . | . . . . . . . . . . . . . . . . . . . . . . Highest Temperature 368 | . 288 224 . 143 368 . 2 . . . 28 . 56 90 53 54 296 151 300 247 253 Average Temperature 80 | . 103 124 . 76 185 . 2 . . . 19 . 24 38 23 24 144 50 74 90 101 Received Heat Transfer 1595 | . 84 30 . . 348 6 246 . . . 9 . 27 18 27 . 186 55 197 20 342 Effects 7 | . 5 . . . . . . . . . . . . . . . . . 1 1 . Energy Bleed 4 | . 2 . . . . . . . . . . . . . . . . . 1 1 . Interference 3 | . 3 . . . . . . . . . . . . . . . . . . . . Siege Activations . | . . . . . . . . . . . . . . . . . . . . . . Robots Corrupted . | . . . . . . . . . . . . . . . . . . . . . . Combat Hostiles . | . . . . . . . . . . . . . . . . . . . . . . Parts Fried 2 | . . . . . . . . . . . . . . . . . . . 1 . 1 Impact Corruptions 1 | . . . . . . . . . . . . . . . . . . . 1 . . Robots Melted 1 | . 1 . . . . . . . . . . . . . . . . . . . . Combat Hostiles 1 | . 1 . . . . . . . . . . . . . . . . . . . . Parts Melted 18 | . 7 . . . 10 . . . . . . . . . . . . . . 1 . Heat Transferred 6193 | . 1301 . . . 3686 50 . . . . . . . . . . . . . 83 1073 Parts Sabotaged . | . . . . . . . . . . . . . . . . . . . . . . Parts Stolen . | . . . . . . . . . . . . . . . . . . . . . . Parts Stripped . | . . . . . . . . . . . . . . . . . . . . . . Power Chain Reactions . | . . . . . . . . . . . . . . . . . . . . . . Alert | -11 -10 -10 -10 -9 -8 -7 -6 -6 -6 -6 -5 -5 -5 -5 -5 -5 -4 -4 -3 -2 -2 ------- Run | Yrd Mat Min Exi Min Mat Fac Fac Was Fac DSF Fac Was Fac Upp Upp War Pro Fac Res Res Qua Peak Influence 959 | . 105 60 . . 350 451 409 113 5 438 928 324 895 . . . . 349 959 740 387 Initial 533 | . . . . . . 103 220 113 . 3 229 324 86 . . . . . 38 533 150 Average 237 | . 48 17 . . 183 300 302 32 . 277 404 271 461 . . . . 85 514 441 250 Maximum Alert Level 3 | . . . . . 1 2 2 . . 2 3 1 3 . . . . 1 3 3 1 Low Security (%) 46 | 100 100 100 . 100 36 13 . 100 100 21 . 26 34 . . . . 93 27 . 20 Level 1 35 | . . . . . 63 73 94 . . 51 66 73 8 . . . . 6 6 52 79 Level 2 12 | . . . . . . 13 5 . . 27 27 . 31 . . . . . 32 42 . Level 3 4 | . . . . . . . . . . . 5 . 25 . . . . . 33 4 . Level 4 . | . . . . . . . . . . . . . . . . . . . . . . Level 5 . | . . . . . . . . . . . . . . . . . . . . . . High Security . | . . . . . . . . . . . . . . . . . . . . . . Max Security . | . . . . . . . . . . . . . . . . . . . . . . Sterilizations 1 | . . . . . . . . . . 1 . . . . . . . . . . . Squads Dispatched 49 | . 1 . . . 5 3 6 . . 2 1 . 4 . . . . 5 11 2 9 Investigation 10 | . . . . . 1 1 1 . . . . . . . . . . 1 2 1 3 Extermination 7 | . . . . . . 1 1 . . . . . 1 . . . . 2 1 . 1 Reinforcement 24 | . 1 . . . 4 1 1 . . 2 1 . 2 . . . . 2 4 1 5 Assault 3 | . . . . . . . . . . . . . 1 . . . . . 2 . . Garrison 5 | . . . . . . . 3 . . . . . . . . . . . 2 . . Intercept . | . . . . . . . . . . . . . . . . . . . . . . Searches Triggered . | . . . . . . . . . . . . . . . . . . . . . . Construction Impeded 4 | . . . . . . . . . . . . . 1 . . . . 1 2 . . Haulers Reinforced 2 | . . . . . . . . . . . . . . . . . . . 2 . . Active Scanning Responses . | . . . . . . . . . . . . . . . . . . . . . . Cargo Convoy Interrupts . | . . . . . . . . . . . . . . . . . . . . . . Stealth | -11 -10 -10 -10 -9 -8 -7 -6 -6 -6 -6 -5 -5 -5 -5 -5 -5 -4 -4 -3 -2 -2 --------- Run | Yrd Mat Min Exi Min Mat Fac Fac Was Fac DSF Fac Was Fac Upp Upp War Pro Fac Res Res Qua Distress Signals 15 | . . . . . 1 . . . . . . . 1 . . 2 . 1 2 7 1 Communications Jammed . | . . . . . . . . . . . . . . . . . . . . . . Distress Signals . | . . . . . . . . . . . . . . . . . . . . . . Times Spotted 288 | . 7 15 . . 25 24 15 . . 7 14 . 18 17 8 3 7 21 40 20 47 Peak Tracking Total 13 | . 2 6 . . 6 4 4 . . 4 8 . 6 8 4 3 4 7 10 5 13 Tactical Retreats 24 | . . 1 . . . 5 3 . . . . . . . . . 1 2 4 . 8 Traps | -11 -10 -10 -10 -9 -8 -7 -6 -6 -6 -6 -5 -5 -5 -5 -5 -5 -4 -4 -3 -2 -2 ------- Run | Yrd Mat Min Exi Min Mat Fac Fac Was Fac DSF Fac Was Fac Upp Upp War Pro Fac Res Res Qua Traps Triggered 12 | . 1 . . . . 1 3 . . 2 1 . . . . . . 3 . . 1 Indirectly . | . . . . . . . . . . . . . . . . . . . . . . Trap Hack Attempts . | . . . . . . . . . . . . . . . . . . . . . . Triggered . | . . . . . . . . . . . . . . . . . . . . . . Disarmed . | . . . . . . . . . . . . . . . . . . . . . . Reprogrammed . | . . . . . . . . . . . . . . . . . . . . . . Reused . | . . . . . . . . . . . . . . . . . . . . . . Traps Extracted . | . . . . . . . . . . . . . . . . . . . . . . Installed . | . . . . . . . . . . . . . . . . . . . . . . Triggered 9 | . . . . . . . . . . . . . . . . 9 . . . . . Machines | -11 -10 -10 -10 -9 -8 -7 -6 -6 -6 -6 -5 -5 -5 -5 -5 -5 -4 -4 -3 -2 -2 ---------- Run | Yrd Mat Min Exi Min Mat Fac Fac Was Fac DSF Fac Was Fac Upp Upp War Pro Fac Res Res Qua Machines Disabled 26 | . . . . . 2 2 . . . 1 3 . 4 . 1 1 . 5 4 1 2 Max in Single Turn 2 | . . . . . 1 2 . . . . . . 1 . 1 1 . 1 1 1 1 Garrison Access 2 | . . . . . . . . . . . . . . . . . . . 1 1 . Machines Repaired . | . . . . . . . . . . . . . . . . . . . . . . Machines Dismantled . | . . . . . . . . . . . . . . . . . . . . . . Machines Sabotaged . | . . . . . . . . . . . . . . . . . . . . . . Overloaded Fab Kills . | . . . . . . . . . . . . . . . . . . . . . . Hacking | -11 -10 -10 -10 -9 -8 -7 -6 -6 -6 -6 -5 -5 -5 -5 -5 -5 -4 -4 -3 -2 -2 --------- Run | Yrd Mat Min Exi Min Mat Fac Fac Was Fac DSF Fac Was Fac Upp Upp War Pro Fac Res Res Qua Machines Accessed 28 | . . . 1 . 2 . 1 . 1 . 3 . 3 . 1 3 . 6 2 1 4 Terminals 14 | . . . . . 1 . . . 1 . . . 3 . . . . 3 2 . 4 Fabricators 2 | . . . . . . . . . . . 2 . . . . . . . . . . Repair Stations 6 | . . . . . 1 . . . . . 1 . . . . . . 3 . 1 . Recycling Units . | . . . . . . . . . . . . . . . . . . . . . . Scanalyzers . | . . . . . . . . . . . . . . . . . . . . . . Garrison Access 1 | . . . . . . . 1 . . . . . . . . . . . . . . Total Hacks 66 | . . . 1 . 5 . 3 . 1 . 4 . 12 . 1 5 . 18 5 3 8 Successful 35 | . . . 1 . 2 . . . 1 . 2 . 3 . 1 5 . 12 3 2 3 Failed 31 | . . . . . 3 . 3 . . . 2 . 9 . . . . 6 2 1 5 Catastrophic 7 | . . . . . 1 . 1 . . . . . 3 . . . . . 1 . 1 Database Lockouts . | . . . . . . . . . . . . . . . . . . . . . . Manual 21 | . . . 1 . 1 . . . . . . . 9 . . . . 6 2 . 2 Terminals 35 | . . . . . 1 . . . 1 . . . 12 . . . . 8 5 . 8 Fabricators 2 | . . . . . . . . . . . 2 . . . . . . . . . . Repair Stations 19 | . . . . . 4 . . . . . 2 . . . . . . 10 . 3 . Recycling Units . | . . . . . . . . . . . . . . . . . . . . . . Scanalyzers . | . . . . . . . . . . . . . . . . . . . . . . Garrison Access 3 | . . . . . . . 3 . . . . . . . . . . . . . . Terminal Hacks 22 | . . . 1 . . . . . 1 . . . 3 . 1 5 . 5 3 . 3 Record 5 | . . . . . . . . . . . . . . . . 3 . . 1 . 1 Open Door 4 | . . . . . . . . . . . . . . . 1 2 . . . . 1 Open DSF 1 | . . . . . . . . . 1 . . . . . . . . . . . . Level Access Points 1 | . . . . . . . . . . . . . . . . . . . 1 . . Branch Access Points 1 | . . . . . . . . . . . . . 1 . . . . . . . . Emergency Access Points 2 | . . . . . . . . . . . . . 1 . . . . . . . 1 Machine Index 1 | . . . . . . . . . . . . . . . . . . 1 . . . Unreport Threat 3 | . . . . . . . . . . . . . . . . . . 3 . . . Zone Layout 3 | . . . . . . . . . . . . . 1 . . . . 1 1 . . Derelict Proto ID Bank 1 | . . . 1 . . . . . . . . . . . . . . . . . . Fabricator Hacks 2 | . . . . . . . . . . . 2 . . . . . . . . . . Build 2 | . . . . . . . . . . . 2 . . . . . . . . . . Repair Station Hacks 10 | . . . . . 2 . . . . . . . . . . . . 6 . 2 . Scan Component 6 | . . . . . 1 . . . . . . . . . . . . 4 . 1 . Repair 4 | . . . . . 1 . . . . . . . . . . . . 2 . 1 . Recycling Unit Hacks . | . . . . . . . . . . . . . . . . . . . . . . Scanalyzer . | . . . . . . . . . . . . . . . . . . . . . . Garrison Access Hacks . | . . . . . . . . . . . . . . . . . . . . . . Unauthorized Hacks 1 | . . . . . . . . . . . . . . . . . . 1 . . . Terminals . | . . . . . . . . . . . . . . . . . . . . . . Fabricators . | . . . . . . . . . . . . . . . . . . . . . . Repair Stations 1 | . . . . . . . . . . . . . . . . . . 1 . . . Mechanics 1 | . . . . . . . . . . . . . . . . . . 1 . . . Recycling Units . | . . . . . . . . . . . . . . . . . . . . . . Scanalyzers . | . . . . . . . . . . . . . . . . . . . . . . Garrison Access . | . . . . . . . . . . . . . . . . . . . . . . Data Cores Recovered 2 | . . . . . . 1 . . . . . . 1 . . . . . . . . Used . | . . . . . . . . . . . . . . . . . . . . . . Hacking Detections 19 | . . . . . 2 . 1 . . . 2 . 3 . . . . 6 2 1 2 Full Trace Events 8 | . . . . . 1 . 1 . . . . . . . . . . 1 2 1 2 Feedback Events 2 | . . . . . . . . . . . . . . . . . . 1 1 . . Corruption 2 | . . . . . . . . . . . . . . . . . . 1 1 . . Feedback Blocked . | . . . . . . . . . . . . . . . . . . . . . . Robot Schematics Acquired 1 | . . . . . . . . . . . . . . . . . . . . . 1 Robots Built 1 | . . . . . . . . . . . 1 . . . . . . . . . . Authchips . | . . . . . . . . . . . . . . . . . . . . . . Time 40 | . . . . . . . . . . . 40 . . . . . . . . . . Total Robot Build Rating 1 | . . . . . . . . . . . 1 . . . . . . . . . . Part Schematics Acquired . | . . . . . . . . . . . . . . . . . . . . . . Parts Built 2 | . . . . . . . . . . . 2 . . . . . . . . . . Authchips . | . . . . . . . . . . . . . . . . . . . . . . Time 64 | . . . . . . . . . . . 64 . . . . . . . . . . Total Part Build Rating 16 | . . . . . . . . . . . 16 . . . . . . . . . . Parts Repaired 3 | . . . . . 1 . . . . . . . . . . . . 1 . 1 . Time 141 | . . . . . 50 . . . . . . . . . . . . 69 . 22 . Parts Recycled . | . . . . . . . . . . . . . . . . . . . . . . Recycled Matter . | . . . . . . . . . . . . . . . . . . . . . . Retrieved Matter . | . . . . . . . . . . . . . . . . . . . . . . Retrieved Components . | . . . . . . . . . . . . . . . . . . . . . . Parts Scanalyzed . | . . . . . . . . . . . . . . . . . . . . . . Part Schematics Acquired . | . . . . . . . . . . . . . . . . . . . . . . Parts Damaged . | . . . . . . . . . . . . . . . . . . . . . . Bothacking | -11 -10 -10 -10 -9 -8 -7 -6 -6 -6 -6 -5 -5 -5 -5 -5 -5 -4 -4 -3 -2 -2 ------------ Run | Yrd Mat Min Exi Min Mat Fac Fac Was Fac DSF Fac Was Fac Upp Upp War Pro Fac Res Res Qua Used RIF Installer . | . . . . . . . . . . . . . . . . . . . . . . Robots Hacked . | . . . . . . . . . . . . . . . . . . . . . . Non-combat . | . . . . . . . . . . . . . . . . . . . . . . Combat . | . . . . . . . . . . . . . . . . . . . . . . Robot Hacks Applied . | . . . . . . . . . . . . . . . . . . . . . . Relay Couplers Released 5 | . . . . . . . . . . . . . . . . . . . 1 4 . Machine Destruction 5 | . . . . . . . . . . . . . . . . . . . 1 4 . Fabnet Peak Effective % . | . . . . . . . . . . . . . . . . . . . . . . Robots Rewired 2 | . . . . . . . . . . . . . . 2 . . . . . . . Allies Hacked 1 | . . . . . . . . . . . 1 . . . . . . . . . . Hacks Repelled 1 | . . . . . . . . . . . 1 . . . . . . . . . . Allies | -11 -10 -10 -10 -9 -8 -7 -6 -6 -6 -6 -5 -5 -5 -5 -5 -5 -4 -4 -3 -2 -2 -------- Run | Yrd Mat Min Exi Min Mat Fac Fac Was Fac DSF Fac Was Fac Upp Upp War Pro Fac Res Res Qua Total Allies 50 | . . . . 3 . . . 20 . . 4 21 . 2 . . . . . . . Largest Group 30 | . . . . 3 3 . . 20 20 20 16 30 30 22 21 21 . . . . . Highest-Rated Group 1096 | . . . . 40 40 . . 674 673 673 551 1096 1096 848 763 763 . . . . . Highest-Rated Ally 50 | . . . . 16 16 . . 46 46 46 46 50 50 50 47 47 . . . . . Total Orders . | . . . . . . . . . . . . . . . . . . . . . . Ally Attacks 504 | . . . . . 33 . . . . 129 153 . 70 84 35 . . . . . . Total Damage 12051 | . . . . . 447 . . . . 2484 2522 . 2568 3300 730 . . . . . . Kills 82 | . . . . . 2 . . . . 12 20 . 24 15 9 . . . . . . Allies Corrupted 12 | . . . . . . . . . . . . . . 1 . 11 . . . . . Allies Melted 1 | . . . . . . . . . . . . . . . . . . . . 1 . Intel | -11 -10 -10 -10 -9 -8 -7 -6 -6 -6 -6 -5 -5 -5 -5 -5 -5 -4 -4 -3 -2 -2 ------- Run | Yrd Mat Min Exi Min Mat Fac Fac Was Fac DSF Fac Was Fac Upp Upp War Pro Fac Res Res Qua Robot Analysis Total . | . . . . . . . . . . . . . . . . . . . . . . Derelict Logs Recovered 5 | . . 1 . 2 . . . . . . . . . . 1 . 1 . . . . Drone Launches . | . . . . . . . . . . . . . . . . . . . . . . Drone Recoveries . | . . . . . . . . . . . . . . . . . . . . . . Exploration | -11 -10 -10 -10 -9 -8 -7 -6 -6 -6 -6 -5 -5 -5 -5 -5 -5 -4 -4 -3 -2 -2 ------------- Run | Yrd Mat Min Exi Min Mat Fac Fac Was Fac DSF Fac Was Fac Upp Upp War Pro Fac Res Res Qua Turns Passed 15540 | 73 422 720 372 738 1112 622 665 1406 57 154 392 541 622 719 1017 762 876 863 931 1693 783 Spaces Moved 9040 | 43 185 404 248 489 677 628 651 592 40 64 225 314 336 391 414 508 223 463 579 1142 424 Core 53 | 8 . 10 . . . . . . . . . . . . . . . . . 35 . Treads 441 | 35 185 221 . . . . . . . . . . . . . . . . . . . Legs 5314 | . . . . . . . . 226 40 64 225 314 336 391 414 508 223 463 579 1107 424 Wheels . | . . . . . . . . . . . . . . . . . . . . . . Hover 3232 | . . 173 248 489 677 628 651 366 . . . . . . . . . . . . . Flight . | . . . . . . . . . . . . . . . . . . . . . . Fastest Speed 50 | 50 160 147 147 147 77 66 58 140 140 140 140 140 140 140 140 140 140 110 106 50 103 Average Speed 124 | 141 160 161 147 147 115 75 72 144 140 174 140 140 140 140 140 140 178 129 106 108 109 Slowest Speed 450 | 160 160 450 147 147 147 77 147 147 140 250 140 140 140 140 140 140 250 250 111 450 117 Overloaded Moves . | . . . . . . . . . . . . . . . . . . . . . . Propulsion Burnouts . | . . . . . . . . . . . . . . . . . . . . . . Robots Hopped . | . . . . . . . . . . . . . . . . . . . . . . Cave-ins Triggered . | . . . . . . . . . . . . . . . . . . . . . . Exploration Rate (%) 43 | 5 26 78 62 95 50 16 15 95 2 61 9 94 12 65 67 69 49 13 15 20 39 Regions Visited 21 Branch Regions 8 Pre-discovered Areas 2 | . . . . 1 . . . . . . . . . 1 . . . . . . . Known Exits Taken 5 | . . . . 1 . . . . 1 . . . 1 . . . . 1 1 . . Unknown Exits Taken 11 | 1 1 1 1 . 1 1 . . . . . . . 1 1 1 1 . . 1 . Scrap Searched 9 | . . 1 . 4 . . . . . . . . . 2 1 . 1 . . . . Spaces Dug 62 | . . . . . 15 1 4 . . . . . 7 . 1 7 . 7 3 17 . Terrain Destroyed 538 | . . . . . 20 119 41 . . . . . 11 3 2 7 2 31 236 48 18 Melee 30 | . . . . . 15 1 4 . . . . . . . . . . . . 10 . Projectile 151 | . . . . . 5 . . . . . . . 11 3 2 7 2 31 34 38 18 AOE 357 | . . . . . . 118 37 . . . . . . . . . . . 202 . . Terrain Rammed . | . . . . . . . . . . . . . . . . . . . . . . Walls Destroyed . | . . . . . . . . . . . . . . . . . . . . . . Machines Disabled . | . . . . . . . . . . . . . . . . . . . . . . Actions | -11 -10 -10 -10 -9 -8 -7 -6 -6 -6 -6 -5 -5 -5 -5 -5 -5 -4 -4 -3 -2 -2 --------- Run | Yrd Mat Min Exi Min Mat Fac Fac Was Fac DSF Fac Was Fac Upp Upp War Pro Fac Res Res Qua Total 12653 | 52 258 450 257 508 961 732 815 1148 41 107 306 419 487 553 847 559 678 670 755 1449 601 Wait 2520 | . 12 25 . 19 223 49 93 504 2 30 53 87 122 138 427 13 422 117 56 74 54 Move 9021 | 42 184 403 247 488 676 627 651 591 39 63 225 313 335 390 413 507 222 462 578 1141 424 Hop . | . . . . . . . . . . . . . . . . . . . . . . Pick Up 134 | 1 15 3 3 1 10 8 4 7 . . 13 2 7 1 1 5 3 10 4 33 3 Fast Attach 127 | 6 4 3 1 . 4 2 14 12 . 1 . 4 1 . . 8 . 8 3 41 15 Attach 70 | 1 1 2 1 . 7 1 7 3 . . 4 . 2 . . 3 3 7 4 11 13 Detach 25 | 1 . . . . 1 . 4 2 . 1 1 1 . . . 4 . . . 4 6 Swap 58 | 1 3 3 . . 2 1 3 4 . 1 . 2 2 . . . 4 2 10 12 8 Drop 181 | . 11 2 5 . 5 8 15 23 . 2 8 10 10 1 1 13 3 7 10 39 8 Fire 407 | . 28 9 . . 10 21 10 . . . 2 . 8 10 5 4 21 55 87 79 58 Melee 74 | . . . . . 23 15 14 . . . . . . . . . . . . 13 9 Ram . | . . . . . . . . . . . . . . . . . . . . . . Kick 10 | . . . . . . . . . . . . . . . . . . 2 3 2 3 Crush . | . . . . . . . . . . . . . . . . . . . . . . Escape Stasis 9 | . . . . . . . . . . 9 . . . . . . . . . . . Rewire 17 | . . . . . . . . 2 . . . . . 13 . 2 . . . . . Trap . | . . . . . . . . . . . . . . . . . . . . . . Miscellaneous . | . . . . . . . . . . . . . . . . . . . . . . Route ------- -11/Scrapyard -10/Materials -10/Mines (discovered 3 exits: [*Mat x2] / *Exi) -10/Exiles -9/Mines (discovered 2 exits: *Mat x2) -8/Materials -7/Factory -6/Factory -6/Waste -6/Factory -6/DSF -5/Factory -5/Waste -5/Factory (discovered 2 exits: *Upp x2) -5/Upper Caves -5/Upper Caves -5/Warlord -4/Proximity Caves -4/Factory (discovered 3 exits: *Res x2 / Upp) -3/Research (discovered 3 exits: *Res x3) -2/Research -2/Quarantine History --------- Turn | Location | Event 37 | -11/Scrapyard | Discovered new exit (range 12) 74 | -11/Scrapyard | Entered Materials 310 | -10/Materials | Build established: Mutant 429 | -10/Materials | Discovered new exit (range 12) 496 | -10/Materials | Entered Mines 500 | -10/Mines | Met a Derelict bent on vengeance 508 | -10/Mines | Learned Materials security intel 706 | -10/Mines | Discovered new exit (range 15) 846 | -10/Mines | Assembled infested the area 897 | -10/Mines | Core integrity fell below 50% 919 | -10/Mines | Met 8R-AWN 933 | -10/Mines | Lost 6 parts (1p2n1u2w) 1186 | -10/Mines | Discovered new exit (range 4) 1211 | -10/Mines | Discovered new exit (range 5) 1216 | -10/Mines | Entered Exiles 1256 | -10/Exiles | Welcomed by 8R-AWN 1277 | -10/Exiles | Met EX-HEX 1316 | -10/Exiles | Met EX-BIN 1336 | -10/Exiles | Aligned with FarCom system 1337 | -10/Exiles | Given EX-Vault access code 1378 | -10/Exiles | Opened EX-Vault 1391 | -10/Exiles | Found AWS/Thermal 1397 | -10/Exiles | Found XL Autogun Array 1405 | -10/Exiles | Found Gui. Plasma Cannon 1439 | -10/Exiles | Warned to stay clear of 0b10 Research branches 1489 | -10/Exiles | Met EX-DEC 1570 | -10/Exiles | Discovered new exit (range 14) 1588 | -10/Exiles | Stole three prototypes: AWS/Thermal, Gui. Plasma Cannon, XL Autogun Array 1588 | -10/Exiles | Entered Mines 1608 | -9/Mines | Discovered new exit (range 14) 1631 | -9/Mines | Learned Materials emergency access door positions 1656 | -9/Mines | Assisted by bots powering up and referring to "LRC-V3" 1661 | -9/Mines | Identified exit to Materials 1687 | -9/Mines | A weapon hastily lodged in a ceiling crevice suddenly fell to the ground 2030 | -9/Mines | Learned location of Storage (-9) 2326 | -9/Mines | Entered Materials 2326 | -8/Materials | Accompanied by 3 allies 2326 | -8/Materials | Evolved 4 slots: Propulsion x1, Utility x3 2716 | -8/Materials | Destroyed 7 combat bots 2726 | -8/Materials | Build established: Scavenger-Mutant 2853 | -8/Materials | Repaired Cmb. Airjet 3383 | -8/Materials | Discovered new exit (range 10) 3438 | -8/Materials | Entered Factory 3438 | -7/Factory | Evolved 2 slots: Utility x2 3440 | -7/Factory | FarCom data flow suspended 4012 | -7/Factory | Discovered new exit (range 9) 4060 | -7/Factory | Entered another Factory area 4060 | -6/Factory | Evolved 2 slots: Propulsion x1, Utility x1 4406 | -6/Factory | Lost 3 parts (1p1u1w) 4725 | -6/Factory | Sucked down chute 4725 | -6/Factory | Entered Waste 4726 | -6/Waste | Joined by Warlord forces that had cleared the area 5201 | -6/Waste | Discovered new exit (range 13) 5243 | -6/Waste | Build established: Scavenger-Assassin 5693 | -6/Waste | Build established: Scavenger-Skirmisher 6115 | -6/Waste | Identified exit to Factory 6131 | -6/Waste | Entered Factory 6131 | -6/Factory | Accompanied by 20 allies 6134 | -6/Factory | Build established: Skirmisher 6183 | -6/Factory | Identified exit to DSF 6188 | -6/Factory | Entered DSF 6188 | -6/DSF | Accompanied by 20 allies 6208 | -6/DSF | Discovered new exit (range 19) 6214 | -6/DSF | Additional patrols routed to DSF 6253 | -6/DSF | Lost 4 allies 6295 | -6/DSF | Sterilization system engaged 6315 | -6/DSF | Ambient heat levels rising (+10) 6317 | -6/DSF | Identified exit to Factory 6330 | -6/DSF | Ambient heat levels rising (+10) 6342 | -6/DSF | Entered Factory 6342 | -5/Factory | Accompanied by 15 allies 6342 | -5/Factory | Evolved 2 slots: Utility x2 6637 | -5/Factory | Fabricated K-01 Serf? 6724 | -5/Factory | Fabricated Biometal Leg (x2) 6734 | -5/Factory | Sucked down chute 6734 | -5/Factory | Entered Waste 6734 | -5/Waste | Met up with 1 ally sucked down the chute earlier 6735 | -5/Waste | Joined by Warlord forces that had cleared the area 6750 | -5/Waste | Lost 5 allies 6844 | -5/Waste | Build established: Hacker-Skirmisher 6955 | -5/Waste | 9 allies followed down the chute 6990 | -5/Waste | Found Broken Fusion Bomb Launcher 7219 | -5/Waste | Discovered new exit (range 14) 7254 | -5/Waste | Identified exit to Factory 7275 | -5/Waste | Entered Factory 7275 | -5/Factory | Accompanied by 30 allies 7528 | -5/Factory | Lost 3 allies 7606 | -5/Factory | Identified exit to Upper Caves 7660 | -5/Factory | Build established: Hacker-Mutant 7875 | -5/Factory | First assault squad dispatched 7897 | -5/Factory | Entered Upper Caves 7897 | -5/Upper Caves | Accompanied by 22 allies 7950 | -5/Upper Caves | Attracted the attention of an 0b10 checkpoint 7961 | -5/Upper Caves | Met a Warlord Commander 7962 | -5/Upper Caves | Learned location of Warlord (-5) 7963 | -5/Upper Caves | Warlord Commander delivered Encrypted Comm Array 7967 | -5/Upper Caves | Found Encrypted Comm Array 8081 | -5/Upper Caves | Attracted the attention of an 0b10 outpost 8394 | -5/Upper Caves | Spotted B-75 Beast 8406 | -5/Upper Caves | Destroyed B-75 Beast 8408 | -5/Upper Caves | Discovered new exit (range 18) 8616 | -5/Upper Caves | Entered another Upper Caves area 8616 | -5/Upper Caves | Accompanied by 21 allies 8619 | -5/Upper Caves | Attracted the attention of an 0b10 checkpoint 8710 | -5/Upper Caves | Learned 4 Factory zone layouts 9374 | -5/Upper Caves | Discovered new exit (range 9) 9520 | -5/Upper Caves | Found Alien Artifact 9633 | -5/Upper Caves | Entered Warlord 9633 | -5/Warlord | Accompanied by 21 allies 9682 | -5/Warlord | Lost 15 allies 9720 | -5/Warlord | System corruption cleaned by Quarantine Array 9730 | -5/Warlord | Lost 5 allies 9794 | -5/Warlord | Met Warlord 9819 | -5/Warlord | Warlord's base attacked by MAIN.C 9999 | -5/Warlord | Found Prototype Energy Cannon 10124 | -5/Warlord | Identified Vortex Cannon 10136 | -5/Warlord | Found Prototype Processor 10136 | -5/Warlord | Identified Exp. Target Analyzer 10144 | -5/Warlord | Found Prototype Reactor 10151 | -5/Warlord | Found Prototype Processor 10151 | -5/Warlord | Identified Exp. Targeting Computer 10161 | -5/Warlord | Found Prototype Hackware 10161 | -5/Warlord | Identified System Mapper 10169 | -5/Warlord | Warlord forces counterattacked 10188 | -5/Warlord | Found Prototype Device 10188 | -5/Warlord | Identified Thermal Barrier 10341 | -5/Warlord | Opened side exit 10359 | -5/Warlord | Discovered new exit (range 15) 10395 | -5/Warlord | Entered Proximity Caves 10421 | -4/Proximity Caves | Lost 11 allies 11127 | -4/Proximity Caves | Discovered new exit (range 20) 11183 | -4/Proximity Caves | Learned 4 Research zone layouts 11271 | -4/Proximity Caves | Entered Factory 11271 | -4/Factory | Evolved 2 slots: Power x1, Propulsion x1 11272 | -4/Factory | Identified exit to Research 11272 | -4/Factory | Identified exit to Upper Caves 11289 | -4/Factory | Identified Vortex Chain Reactor 11934 | -4/Factory | Repaired Hrd. Heavy Armor Plating 12039 | -4/Factory | Discovered exit to Research (range 15) 12134 | -4/Factory | Entered Research 12134 | -3/Research | Evolved 2 slots: Propulsion x1, Utility x1 12190 | -3/Research | Garrison activated, responded to threat 12819 | -3/Research | Found Prototype Device 12819 | -3/Research | Identified Exp. Thermal Defense Suite 12884 | -3/Research | First assault squad dispatched 12904 | -3/Research | Identified exit to Research 12995 | -3/Research | Destroyed 7 combat bots 13023 | -3/Research | System corruption reached 10% 13065 | -3/Research | Entered another Research area 13065 | -2/Research | Warlord forces began assault on 0b10 13065 | -2/Research | Evolved 2 slots: Utility x1, Weapon x1 13090 | -2/Research | Distinguished unit "Gunslingers" dispatched to help 13096 | -2/Research | Repaired Fusion Bomb Launcher 13175 | -2/Research | Research machine network offline 13182 | -2/Research | Lost 5 allies 13206 | -2/Research | Discovered new exit (range 15) 13211 | -2/Research | Lost 3 parts (2n1u) 13362 | -2/Research | System corruption reached 10% 13393 | -2/Research | Core integrity fell below 50% 13427 | -2/Research | Lost 22 parts (2p7n8u5w) 13586 | -2/Research | Borebot progress halted 13712 | -2/Research | Borebot progress halted 13809 | -2/Research | Met up with Warlord 14176 | -2/Research | Build established: Scavenger-Gunner 14266 | -2/Research | Spotted Executioner 14269 | -2/Research | P-80 Master assimilated allied 44-I5D(K) 14269 | -2/Research | Spotted 44-I5D(K) 14277 | -2/Research | Destroyed 44-I5D(K) 14284 | -2/Research | Destroyed Executioner 14284 | -2/Research | Spotted Executioner 14292 | -2/Research | Destroyed Executioner 14318 | -2/Research | Lost 3 allies 14330 | -2/Research | Found Prototype Processor 14330 | -2/Research | Identified Exp. Core Analyzer 14405 | -2/Research | Found Prototype Slashing Weapon 14406 | -2/Research | Identified Particle Cleaver 14758 | -2/Research | Entered Quarantine 14980 | -2/Quarantine | Spotted Alpha 7 14998 | -2/Quarantine | Found Alien Launcher 15100 | -2/Quarantine | System corruption reached 30% 15165 | -2/Quarantine | Lost 4 parts (4u) 15170 | -2/Quarantine | Found Prototype Launcher 15171 | -2/Quarantine | Identified Enh. Gamma Bomb Array 15200 | -2/Quarantine | Found Alien Slashing Weapon 15200 | -2/Quarantine | Identified Sigix Broadsword 15279 | -2/Quarantine | Lost 8 parts (5n2u1w) 15453 | -2/Quarantine | Scanned by Researcher 15466 | -2/Quarantine | Core integrity fell below 20% 15509 | -2/Quarantine | Lost 10 parts (1p1n4u4w) 15540 | -2/Quarantine | Identified Sigix Terminator 15541 | -2/Quarantine | Fired Sigix Terminator 15541 | -2/Quarantine | Destroyed self with Sigix Terminator Last Messages --------------- 15529_ Held in stasis. 15531_ Acquired 2 matter. 15533_ Slug penetrates U-05 Engineer. 15533_ U-05 Engineer destroyed. 15533_ Slug penetrates C-65 Expert. 15533_ C-65 Expert calls for reinforcements. 15533_ ALERT: Hostile activity reported, dispatching reinforcements to area. 15533_ Held in stasis. 15533_ C-65 Expert is analyzing... 15533_ Held in stasis. 15533_ C-65 Expert is analyzing... 15534_ K-01 Serf collects debris. 15536_ System corrupted: Helical Railgun jammed. 15536_ S-43 Plague destroyed. 15537_ Held in stasis. 15537_ C-65 Expert is analyzing... 15539_ K-01 Serf collects debris. 15540_ Identified Sigix Terminator. 15541_ Sigix Terminator expended. Map ----- +----------------------------------------------------+ | ?????????????????????????????????????????????????? | | ###??????????????????????????????????????????????? | | %[#??????????????????????????????????????????????? | | ! #??????????????????????????????????????????????? | | #??????????????????????????????????????????????? | | ###??????????????????????????????????????????????? | | #########????????????????????????????????????????? | | #????????????????????????????????????????? | | #????????????????????????????????????????? | | #????????????????????????????????????????? | | ]#????????????????????????????????????????? | | !!! = #????????????????????????????????????????? | | !!! #????????????????????????????????????????? | | !!! ! #????????????????????????????????????????? | | ? #????????????????????????????????????????? | | ?########????????????????????????????????????????? | | ?????????????????????????????????????????????????? | | ?????????????????????????????????????????????????? | | ?????????#######?????????????????????????????????? | | ?????????# # #?????????????????????????????????? | | ##############################???????????????????? | | % % #???????????????????? | | % g #???????????????????? | | % g #???????????????????? | | gc #???????????????????? | | #####################+###@ #???????????????????? | | """T""" #??????###### # #???????????????????? | | """ """ #??????# # #???????????????????? | | #??????# #T # R??????????????????? | | """ """ #??????# ! ##" "# [ ????????????????? | | """ """ #??????#"/"##"""# *%*|k???????????????? | | """ """ #??????#" "##"""# s%! ?????????????? | | #??????#############o###c####????????????? | | #??????????????????? ?? #???????????????? | | #########??????????????????? ???#???????????????? | | ????????????????????????????? ??????????????????? | | ????????????????????????????? ??????????????????? | | ????????????????????????????? #?????????????????? | | ?????????????????????????????? #?????????????????? | | ?????????????????????????????? #?????????????????? | | ##???????????????????????????? #?????????????????? | | #?????????????????????????????#?????????????????? | | #???????????????????????????????????????????????? | | #???????????????????????????????????????????????? | | ##???????????????????????????????????????????????? | | # #??????????????????????????????????????????????? | | ?# #?????????????????????????????????????????????? | | ??# #????????????????????????????????????????????? | | ???# #???????????????????????????????????????????? | | ????##???????????????????????????????????????????? | +----------------------------------------------------+ Best States ------------- Heat Dissipation 106 Energy Generation 55 Energy Capacity 700 Matter Stores 300 Matter Capacity 300 Sight Range 23 Robot Scan Range 15 Terrain Scan Range 20 Terrain Scan Density 210 Additional Mass Support 9 Armor Coverage 1050 Resistance: TH 50 Resistance: EM 25 Power Shielding 66 Utility Shielding 66 Weapon Shielding 66 Phase Shifting 15 Evasion (%) 70 Targeting Accuracy 28 Launcher Accuracy 40 Target Analysis 12 Core Analysis 9 Armor Integrity Analysis 40 Recoil Reduction 2 Offensive Hacking 34 Defensive Hacking 12 Item Schematics ----------------- None Robot Schematics ------------------ K-01 Serf | -2/Quarantine | Archive Fabricated ------------ K-01 Serf | x1 | -5/Factory | Preloaded Biometal Leg | x2 | -5/Factory | Preloaded Alien Tech Used ----------------- Sigix Broadsword Sigix Terminator Achievements -------------- None Challenges ------------ None Game ------ Seed ChainPointSubcomponent Manual? 0 Play Time 02:11:49 Cumulative 447.1 hours Start 2024.03.22 @ 16:44:54 End 2024.04.03 @ 18:38:16 Sessions 13 Manual Loads 0 Difficulty Rogue Special Mode None Game No. 774 Rogue 619 Adventurer 148 Explorer 7 Win Type - Total 20 Types 16/1/2/1/0/0/0/0/0 Lore% 77 Gallery% 89 Achievement% 74 Wizard Run 0 Options --------- Layout 1 ASCII 0 Keyboard 0 Movement Numpad Keybinds 0 Fullscreen 2 Font 24/Smallcaps Map View 50x35 Zoom Use 0% Tactical HUD 1 Map Filters NONE Filters NONE Steam 1 RUN: 5820d648-176c-4cf2-8835-3b418cc956ea